 Dungeon Crawl Stone Soup version 0.29.0-4-gdea44cf6ec (webtiles) character file.

Game seed: 848465801149970016

40 qw the Chopper (level 3, -1/21 HPs)
             Began as a Tengu Warper on Aug 28, 2022.
             Slain by Terence
             ... wielding a +0 hand axe
              (2 damage)
             ... on level 2 of the Dungeon.
             The game lasted 00:00:11 (2054 turns).

qw the Chopper (Tengu Warper)                       Turns: 2054, Time: 00:00:11

Health: -1/21      AC:  5    Str: 13    XL:     3   Next: 50%
Magic:  7/7        EV: 11    Int: 13    God:
Gold:   68         SH:  0    Dex: 13    Spells: 6/6 levels left

rFire   . . .      SeeInvis .   Y - +1 hand axe
rCold   . . .      Faith    .   (no shield)
rNeg    . . .      Spirit   .   j - +0 ring mail
rPois   .          Reflect  .   (helmet restricted)
rElec   .          Harm     .   (no cloak)
rCorr   .          Rampage  .   (no gloves)
Will    +....                   (boots unavailable)
Stlth   +.........              (no amulet)
HPRegen 0.07/turn               g - ring of willpower
MPRegen 0.10/turn               (no ring)

@: no status effects
A: beak, talons 3
a: no special abilities


You were on level 2 of the Dungeon.
You visited 1 branch of the dungeon, and saw 2 of its levels.

You collected 68 gold pieces.


Innate Abilities, Weirdness & Mutations

You have a beak for a mouth.
You have claws for feet.


   Skills:
 - Level 2.0 Fighting
 + Level 4.2 Axes
 - Level 1.0 Throwing
 - Level 1.1 Armour
 - Level 2.1 Dodging
 - Level 2.0 Spellcasting
 - Level 2.4 Translocations


You had 6 spell levels left.
You didn't know any spells.
Your spell library contained the following spells:

 Spells                   Type           Power      Damage    Failure   Level
 Blink                    Tloc           14%        N/A       30%         2
 Gell's Gravitas          Tloc           7%         N/A       52%         3
 Lesser Beckoning         Tloc           7%         N/A       52%         3
 Teleport Other           Tloc           7%         N/A       52%         3
 Manifold Assault         Tloc           7%         N/A       99%         5

Inventory:

Hand Weapons
 d - a +0 flail
 Y - a +1 hand axe (weapon)
Missiles
 b - 2 boomerangs (quivered)
Armour
 j - a +0 ring mail (worn)
Jewellery
 g - a ring of willpower (left hand)
Scrolls
 a - 2 scrolls of identify {unknown}

Dungeon Overview and Level Annotations

Branches:
Dungeon (2/15)

Altars:

Annotations:
D:2 Terence


Message History

a quokka corpse; a frilled lizard corpse An endoplasm comes into view.
The endoplasm quivers.
Throw: 2 boomerangs
Press: ? - help, Q - select action Shift-Dir - straight line, f - endoplasm You throw a boomerang.
The boomerang hits the endoplasm!
You kill the endoplasm!
Terence the Incautious comes into view.
He is wielding a +0 hand axe.
Throw: 2 boomerangs
Press: ? - help, Q - select action Shift-Dir - straight line, f - Terence You throw a boomerang.
Terence shouts!
The boomerang hits Terence but does no damage.
Throw: 2 boomerangs
Press: ? - help, Q - select action Shift-Dir - straight line, f/p - Terence You throw a boomerang.
The boomerang hits Terence but does no damage.
Throw: 2 boomerangs
Press: ? - help, Q - select action Shift-Dir - straight line, f/p - Terence You throw a boomerang.
The boomerang hits Terence.
Terence is lightly wounded.
Throw: 2 boomerangs
Press: ? - help, Q - select action Shift-Dir - straight line, f/p - Terence You throw a boomerang.
The boomerang barely misses Terence.
A goblin comes into view. It is wielding a +0 club.
You closely miss Terence.
The goblin shouts!
Your kick misses Terence. You punch Terence, but do no damage.
Terence is lightly wounded.
Terence hits you with a +0 hand axe.
You hit Terence. Your kick misses Terence.
Terence is moderately wounded.
Terence hits you with a +0 hand axe.
You barely miss Terence.
Terence is moderately wounded.
Terence hits you with a +0 hand axe! x2
You hit Terence but do no damage. You claw Terence.
Terence is moderately wounded.
Terence hits you with a +0 hand axe.
You die...

#...##
#...#
#.....
#...#
#....#
...##
#....##
...#
#.....#
..######
#...g.#
####
.......#
.....#
#...
########
#.@.#
#.##
#.@.#
#.#
##%##
#.# #.#
#.## #.#
#.#. #.#
#.#. #.#
###.#.
#.#
#...#.
#.#
#.###.
#.#
###.# ##


You could see Terence and a goblin.

Vanquished Creatures
  A worm (D:2)
  2 bats (D:1)
  4 endoplasms
  3 goblins
  4 hobgoblins
  2 jackals (D:1)
  2 quokkas (D:2)
  3 ball pythons (D:1)
  3 frilled lizards
  8 kobolds
  4 rats
36 creatures vanquished.

Notes
Turn   | Place    | Note
-------+----------+-------------------------------------------
     0 | D:1      | qw the Tengu Warper began the quest for the Orb.
     0 | D:1      | Reached XP level 1. HP: 12/12 MP: 4/4
     0 | D:1      | 0 ||| qw: Version: 0.1-a-89-g26bdef1
     0 | D:1      | 0 ||| qw: Game counter: 3184
     0 | D:1      | 0 ||| qw: Always use a shield: true
     0 | D:1      | 0 ||| qw: God list: Okawaru
     0 | D:1      | 0 ||| qw: Allow faded altars: false
     0 | D:1      | 0 ||| qw: Do Orc after D:15 true
     0 | D:1      | 0 ||| qw: Do second Lair branch before Depths: true
     0 | D:1      | 0 ||| qw: Lair rune preference: random
     0 | D:1      | 0 ||| qw: Plans: Normal
     0 | D:1      | 0 ||| PLANNING D:1-11
    91 | D:1      | 91 ||| Stepping ~*~*~tactically~*~*~ (stealth).
    92 | D:1      | 92 ||| Stepping ~*~*~tactically~*~*~ (stealth).
    95 | D:1      | 95 ||| Stepping ~*~*~tactically~*~*~ (stealth).
   171 | D:1      | 171 ||| DROPPING +0 club.
   331 | D:1      | Reached XP level 2. HP: 17/17 MP: 6/6
   341 | D:1      | 341 ||| Stepping ~*~*~tactically~*~*~ (stealth).
   343 | D:1      | Reached skill level 3 in Axes
   365 | D:1      | Found a faded altar of an unknown god.
   943 | D:1      | 943 ||| UPGRADING to +0 ring mail.
   953 | D:1      | 953 ||| DROPPING +0 leather armour.
   954 | D:1      | 954 ||| UPGRADING to ring of willpower.
   955 | D:1      | 955 ||| READING scroll labelled ENUWIT NAUFAM.
   956 | D:1      | 956 ||| READING scroll labelled JETROI PORIL.
   957 | D:1      | 957 ||| READING scroll labelled NUPTYM RINURPH.
   960 | D:1      | 960 ||| READING scroll labelled LIELID HUNEG.
   961 | D:1      | 961 ||| DROPPING scroll of blinking.
  1008 | D:2      | 1008 ||| Stepping ~*~*~tactically~*~*~ (stealth).
  1033 | D:2      | Reached XP level 3. HP: 21/21 MP: 7/7
  1431 | D:2      | Reached skill level 4 in Axes
  2045 | D:2      | Noticed Terence
  2053 | D:2      | HP: 1/21 [Terence/+0 hand axe (8)]
  2054 | D:2      | Slain by Terence

Levels and vault maps discovered:
D:1:      sevenhm_arrival_forest_fort_small_3, layout_basic,
          dreamdust_ecumenical_altar_statues
D:2:      layout_basic, serial_curves, eino_curves_04, eino_curves_03,
          feat_on_display, uniq_terence

Skill      XL: |  1  2  3 |
---------------+----------+-----
Axes           | 3 4 |  4.2
Fighting       | |  2.0
Throwing       | |  1.0
Armour         | |  1.1
Dodging        | |  2.1
Spellcasting   | |  2.0
Translocations | |  2.4

Action                   || total
-------------------------++-------
Melee: Hand axe          ||    76
       Kick              ||    13
       Peck              ||    12
       Punch             ||     1
Throw: Boomerang         ||    16
  Use: Scroll            ||     4
Armor: Leather armour    ||     8
       Ring mail         ||     4
Dodge: Dodged            ||    26

Table legend:
 A = Non-vault XP
 B = Vault XP
 C = Vault XP percentage of total XP
 D = Non-vault monster count
 E = Vault monster count
 F = Vault count percentage of total count
                 A         B        C        D         E       F
            +---------+---------+-------+---------+---------+-------
      Total |      58 |       0 |   0.0 |      36 |       0 |   0.0
            +---------+---------+-------+---------+---------+-------
        D:1 |      31 |       0 |   0.0 |      21 |       0 |   0.0
        D:2 |      27 |       0 |   0.0 |      15 |       0 |   0.0
            +---------+---------+-------+---------+---------+-------
